 Dungeon Crawl Stone Soup version 0.22-a0-542-gce4f928 (webtiles) character file.

2274 vierth the Protected (level 9, -5/79 HPs)
             Began as a Minotaur Fighter on June 24, 2018.
             Was an Initiate of Makhleb.
             Killed by divine providence
             ... invoked by an orc priest
              (12 damage)
             ... on level 8 of the Dungeon.
             The game lasted 00:14:49 (6119 turns).

vierth the Protected (Minotaur Fighter)             Turns: 6119, Time: 00:14:50

Health: -5/79      AC: 19    Str: 25    XL:     9   Next: 16%
Magic:  8/8        EV:  5    Int:  5    God:    Makhleb [......]
Gold:   397        SH: 11    Dex:  9    Spells: 8/8 levels left

rFire    . . .     SeeInvis .   a - +0 war axe
rCold    + . .     Gourm    .   c - +0 shield
rNeg     + . .     Faith    .   g - +1 plate armour
rPois    .         Spirit   .   (helmet restricted)
rElec    .         Reflect  .   o - +0 cloak
rCorr    .         Harm     .   (no gloves)
MR       .....                  v - +1 pair of boots of Emnoena {rC+}
Stlth    ..........             E - amulet of magic regeneration
HPRegen  0.23/turn              i - ring of positive energy
MPRegen  0.36/turn              (no ring)

@: no status effects
A: retaliatory headbutt, horns 2
a: Renounce Religion


You were on level 8 of the Dungeon.
You worshipped Makhleb.
Makhleb was noncommittal.
You were not hungry.

You visited 2 branches of the dungeon, and saw 9 of its levels.

You collected 397 gold pieces.

Inventory:

Hand Weapons
 a - a +0 war axe (weapon)
 y - a +2 flail of holy wrath
Armour
 c - a +0 shield (worn)
 g - a +1 plate armour (worn)
 o - a +0 cloak (worn)
 v - the +1 pair of boots of Emnoena (worn) {rC+}
   (You found it on level 4 of the Dungeon)

   It protects you from cold.
Jewellery
 i - a ring of positive energy (left hand)
 E - an amulet of magic regeneration (around neck)
Wands
 m - a wand of flame (22)
 r - a wand of acid (13)
 s - a wand of polymorph (2)
 t - a wand of enslavement (7)
Scrolls
 e - a scroll of enchant armour
 j - a scroll of fear
 k - 2 scrolls of remove curse
 q - 2 scrolls of identify
 z - a scroll of blinking
Potions
 b - a potion of flight {unknown}
 d - 2 potions of might
 h - 2 potions of berserk rage
 l - a potion of invisibility {unknown}
 n - a potion of agility {unknown}
 p - a potion of lignification {unknown}
 u - 2 potions of degeneration {unknown}
 w - 2 potions of magic {unknown}
 x - a potion of brilliance {unknown}
 A - 2 potions of heal wounds
Comestibles
 f - 4 rations


   Skills:
 + Level 7.0 Fighting
 * Level 8.8 Axes
 * Level 9.2 Armour
 + Level 7.0 Shields


You had 8 spell levels left.
You didn't know any spells.
Your spell library contained the following spells:

 Spells                   Type           Power        Failure   Level  Hunger
 Apportation              Tloc           #.....       100%        1    ##.....
 Summon Small Mammal      Summ           #...         100%        1    ##.....
 Animate Skeleton         Necr           N/A          100%        1    ##.....
 Confusing Touch          Hex            #.....       100%        1    ##.....


Dungeon Overview and Level Annotations

Branches:
Dungeon (8/15)             Temple (1/1) D:7
   Lair: D:8-11

Altars:
Ashenzari
Cheibriados
Dithmenos
Elyvilon
Fedhas
Kikubaaqudgha
Makhleb
Nemelex Xobeh
Okawaru
Qazlal
Ru
Uskayaw
Vehumet
Xom
Zin

Shops:
D:5 *


Innate Abilities, Weirdness & Mutations

You reflexively headbutt those who attack you in melee.
You have a pair of horns on your head.


Message History

The sky beast flickers out of sight!
Deactivating autopickup; reactivate with Ctrl-A.
You barely miss the orc warrior. Your headbutt misses the orc warrior.
The orc warrior is heavily wounded.
You block the orc warrior's attack.
You hit the orc warrior but do no damage.
Your headbutt misses the orc warrior.
The orc warrior is heavily wounded.
The orc priest invokes the aid of Beogh against you.
Beogh smites you!
* * * LOW HITPOINT WARNING * * *
A sky beast appears from thin air!
Reactivating autopickup.
The orc warrior barely misses you. You furiously retaliate!
You headbutt the orc warrior!
The orc warrior hits you from afar with a glaive.
* * * LOW HITPOINT WARNING * * *
The orc priest mumbles some strange prayers to Beogh against you.
Beogh smites you!
You die...

. .....# #'
#.....# #
.##...#.#.# #+#
.....#.#.#
#.####........#
#...........#.####
#.......[.........
.....#
#........[.#......
.....#
#......@.#.#......
...≈.#
#...o......((.....
.....#
#........#.##....
....# #.o......#.#
.


oY. ###........#.# #'# #.o......###.# #o# #.######## #.# #o# #.# ####.# #.# #.#
#....# You could see an orc warrior, an orc priest and an orc.

Vanquished Creatures
  Grinder (D:3)
  Sigmund (D:3)
  Duvessa (D:4)
  A phantom (D:5)
  2 ogres
  3 centaurs
  A big kobold (D:6)
  Blork the orc (D:6)
  A bullfrog (D:6)
  Dowan (D:4)
  2 scorpions (D:6)
  5 killer bees (D:7)
  A howler monkey (D:6)
  A bullfrog zombie (D:7)
  A crimson imp (D:5)
  3 hounds
  An orc priest (D:6)
  4 orc wizards
  2 iguanas
  Natasha (thrice) (D:2)
  A worker ant (D:5)
  2 hound skeletons
  Robin (D:2)
  8 adders
  3 shadow imps
  An adder skeleton (D:5)
  An adder zombie (D:6)
  2 worms (D:3)
  3 dart slugs
  6 leopard geckos
  24 orcs
  A ball python (D:6)
  5 bats
  7 giant cockroaches
  17 goblins
  8 hobgoblins
  7 jackals
  A quokka (D:3)
  6 frilled lizards
  12 kobolds
  A leopard gecko skeleton (D:4)
  6 rats
159 creatures vanquished.

Vanquished Creatures (others)
  A fungus (D:8)
1 creature vanquished.

Grand Total: 160 creatures vanquished

Notes
Turn   | Place    | Note
-------+----------+-------------------------------------------
     0 | D:1      | vierth the Minotaur Fighter began the quest for the Orb.
     0 | D:1      | Reached XP level 1. HP: 19/19 MP: 0/0
   303 | D:1      | Reached XP level 2. HP: 27/27 MP: 1/1
   478 | D:1      | Reached skill level 4 in Armour
   878 | D:2      | Reached XP level 3. HP: 29/33 MP: 2/2
  1043 | D:2      | Noticed Natasha
  1048 | D:2      | Killed Natasha
  1085 | D:2      | Reached XP level 4. HP: 40/40 MP: 3/3
  1196 | D:2      | Noticed Natasha
  1213 | D:2      | Killed Natasha
  1245 | D:2      | Noticed Natasha
  1259 | D:2      | Killed Natasha
  1259 | D:2      | Reached XP level 5. HP: 38/47 MP: 4/4
  1346 | D:2      | Noticed Robin
  1395 | D:2      | Killed Robin
  1395 | D:2      | Reached skill level 5 in Armour
  2406 | D:3      | Reached XP level 6. HP: 47/53 MP: 5/5
  2563 | D:3      | Noticed Sigmund
  2576 | D:3      | Killed Sigmund
  2576 | D:3      | Reached skill level 5 in Axes
  2576 | D:3      | Reached skill level 6 in Armour
  2576 | D:3      | Reached skill level 5 in Shields
  2837 | D:3      | Noticed Grinder
  2850 | D:3      | Killed Grinder
  2850 | D:3      | Reached skill level 5 in Fighting
  2850 | D:3      | Reached XP level 7. HP: 50/61 MP: 6/6
  3733 | D:4      | Got a pair of faintly humming boots
  3739 | D:4      | Identified the +1 pair of boots of Emnoena {rC+} (You found it on level 4 of the Dungeon)
  3772 | D:4      | Noticed Duvessa
  3772 | D:4      | Noticed Dowan
  3834 | D:4      | Killed Dowan
  3834 | D:4      | Reached skill level 7 in Armour
  3835 | D:4      | Killed Duvessa
  4198 | D:5      | Entered Level 5 of the Dungeon
  4198 | D:5      | Found Pesche Siemm's Assorted Antiques.
  4204 | D:5      | Reached XP level 8. HP: 70/70 MP: 7/7
  4603 | D:6      | Noticed Blork the orc
  4610 | D:6      | Killed Blork the orc
  4610 | D:6      | Reached skill level 8 in Armour
  5386 | D:7      | Found an iron altar of Okawaru.
  5424 | D:7      | Found a staircase to the Ecumenical Temple.
  5436 | Temple   | Entered the Ecumenical Temple
  5466 | Temple   | Became a worshipper of Makhleb the Destroyer
  5522 | D:7      | Reached XP level 9. HP: 75/78 MP: 8/8
  5528 | D:7      | Reached skill level 9 in Armour
  5963 | D:8      | Noticed a two-headed ogre
  6101 | D:8      | HP: 3/79 [orc warrior/glaive (2)]
  6119 | D:8      | Killed from afar by an orc priest

Vault maps used:
D:1:      sevenhm_arrival_forest_fort_large_4, feat_on_display
D:2:      first_ration, uniq_natasha, uniq_robin
D:3:      hex_medium, uniq_crazy_yiuf_cottage, uniq_sigmund, uniq_grinder
D:4:      serial_glass, glass_columns_c, glass_columns_b,
          minmay_strange_pillars, due_unseen_surprise, minmay_strange_pillars,
          uniq_duvessa
D:5:      serial_shops, shop
D:6:      kennysheep_minor_cross, minivault_14, uniq_blork_the_orc
D:7:      lemuel_crystal_altar, minmay_temple_entry_junction
D:8:      minmay_lair_entry_grove
Temple:   grunt_wide_crystal_templ

Skill      XL: |  1  2  3  4  5  6  7  8  9 |
---------------+----------------------------+-----
Axes           | 3 4 6 8 |  8.8
Armour         | 4 5 6 7 8 9 |  9.2
Shields        | 4 5 6 7 |  7.0
Fighting       | 4 5 6 7 |  7.0

Action                   |  1- 3 |  4- 6 |  7- 9 || total
-------------------------+-------+-------+-------++-------
Melee: War axe           |    55 |   186 |   212 ||   453
       Headbutt          |     7 |    26 |    36 ||    69
       Flail             |       |       |    12 ||    12
  Use: Scroll            |     2 |     2 |     8 ||    12
  Eat: Ration            |     1 |     1 |     3 ||     5
Armor: Scale mail        |    15 |       |       ||    15
       Plate armour      |    26 |   131 |   128 ||   285
Dodge: Dodged            |    10 |    37 |    71 ||   118
Block: Shield            |    28 |   106 |   146 ||   280

Table legend:
 A = Spawn XP
 B = Non-spawn XP
 C = Spawn XP percentage of total XP
 D = Spawn monster count
 E = Non-spawn monster count
 F = Spawn count percentage of total count
 G = Total turns spent on level
                    A         B        C        D         E        F      G
               +---------+---------+-------+---------+---------+-------+---------
         Total |       0 |    3249 |   0.0 |       0 |     159 |   0.0 |  6119
               +---------+---------+-------+---------+---------+-------+---------
           D:1 |       0 |      41 |   0.0 |       0 |      23 |   0.0 |  1130
           D:2 |       0 |     200 |   0.0 |       0 |      26 |   0.0 |  1044
           D:3 |       0 |     708 |   0.0 |       0 |      39 |   0.0 |   997
           D:4 |       0 |     469 |   0.0 |       0 |      15 |   0.0 |  1050
           D:5 |       0 |     278 |   0.0 |       0 |      13 |   0.0 |   362
           D:6 |       0 |     862 |   0.0 |       0 |      30 |   0.0 |   791
           D:7 |       0 |     570 |   0.0 |       0 |      12 |   0.0 |   568
           D:8 |       0 |     121 |   0.0 |       0 |       1 |   0.0 |   141
               +---------+---------+-------+---------+---------+-------+---------
